 Dungeon Crawl Stone Soup version 0.20-a0-972-gb9bd3e6 (webtiles) character file.

200906 Lifeless the Severer (level 17, -12/142 HPs)
             Began as a Demonspawn Gladiator on Apr 8, 2017.
             Was the Champion of Trog.
             Blown up by an orb spider (31 damage)
             ... with an orb of destruction
             ... on level 4 of the Spider Nest on Apr 9, 2017.
             The game lasted 03:04:52 (40812 turns).

Lifeless the Severer (Demonspawn Gladiator)        Turns: 40812, Time: 03:04:52

Health: -12/142    AC: 39    Str: 23    XL:     17   Next: 89%
Magic:  0/5        EV: 11    Int: 11    God:    Trog [******]
Gold:   399        SH:  0    Dex: 21    Spells: 16/16 levels left

rFire    + + .     SeeInvis +   a - +6 executioner's axe (antimagic)
rCold    . . .     Gourm    .   (shield currently unavailable)
rNeg     . . .     Faith    .   q - +14 crystal plate armour "Sicog" {Dex+3}
rPois    +         Spirit   +   o - +2 helmet of Dice, Bag, and Bottle {Str+6}
rElec    .         Reflect  .   k - +0 cloak
rCorr    .         Harm     .   y - +0 pair of gloves
MR       +....                  (boots unavailable)
Stlth    ..........             D - amulet of guardian spirit
Regen    0.4/turn               O - ring "Pitteughe" {rF+ SInv}
MPRegen  0.1/turn               T - ring of poison resistance

@: corroded
A: hooves 3, molten scales 3, foul stench 1, powered by pain 2, augmentation 1,
rot immunity
}: 1/15 runes: decaying
a: Berserk, Trog's Hand, Brothers in Arms, Burn Spellbooks, Renounce Religion


You were on level 4 of the Spider Nest.
You worshipped Trog.
Trog was exalted by your worship.
You were not hungry.

You visited 7 branches of the dungeon, and saw 30 of its levels.
You also visited: Sewer and Ice Cave.

You collected 3237 gold pieces.
You spent 2838 gold pieces at shops.

Inventory:

Hand Weapons
 a - a +6 antimagic executioner's axe (weapon)
 b - the +11 trident of Beelep {pierce, Int+4}
   (You found it on level 11 of the Dungeon)

   It inflicts extra damage upon your enemies.
   It affects your intelligence (+4).
Missiles
 d - 4 throwing nets (quivered)
Armour
 k - a +0 cloak (worn)
 o - the +2 helmet of Dice, Bag, and Bottle (worn) {Str+6}
   (You found it on level 10 of the Dungeon)

   It affects your strength (+6).
 q - the +14 crystal plate armour "Sicog" (worn) {Dex+3}
   (You bought it in a shop on level 2 of the Orcish Mines)

   It affects your dexterity (+3).
 y - a +0 pair of gloves (worn)
Jewellery
 r - an uncursed ring of protection from cold
 t - the amulet of Cofiem {+Inv rF+ Regen+ SInv}
   (You acquired it on level 4 of the Swamp)

   [amulet of regeneration]

   It protects you from fire.
   It lets you see invisible.
   It lets you turn invisible.
   It increases your rate of regeneration.
 D - an amulet of guardian spirit (around neck)
 K - an uncursed ring of resist corrosion
 O - the ring "Pitteughe" (left hand) {rF+ SInv}
   (You bought it in a shop on level 11 of the Dungeon)

   [ring of protection from fire]

   It protects you from fire.
   It lets you see invisible.
 T - a ring of poison resistance (right hand)
Wands
 i - a wand of confusion (36/48)
Scrolls
 e - 6 scrolls of recharging
 l - 12 scrolls of remove curse
 m - a scroll of blinking
 n - 3 scrolls of enchant armour
 p - 3 scrolls of fear
 v - a scroll of torment
 w - 3 scrolls of immolation
 G - 3 scrolls of identify
 H - 3 scrolls of teleportation
Potions
 c - a potion of brilliance
 g - 2 potions of might
 h - 3 potions of flight
 s - 7 potions of curing
 u - 5 potions of agility
 z - a potion of resistance
 A - 2 potions of ambrosia
 B - 4 potions of berserk rage
 E - 3 potions of lignification
 F - a potion of cancellation
 I - a potion of invisibility
 J - a potion of heal wounds
 N - 6 potions of haste
Miscellaneous
 x - a lamp of fire
Comestibles
 f - 14 bread rations
 j - 9 meat rations


   Skills:
 + Level 15.2 Fighting
 * Level 19.1 Axes
 - Level 1.7 Throwing
 + Level 14.0 Armour
 - Level 11.2 Dodging


You had 16 spell levels left.
You didn't know any spells.

Dungeon Overview and Level Annotations

Branches:
Dungeon (12/15)            Temple (1/1) D:6            Lair (6/6) D:9
  Swamp (4/4) Lair:3       Spider (4/4) Lair:3        Slime (0/5) Lair:5
    Orc (2/2) D:9             Elf (1/3) Orc:2

Altars:
Ashenzari
Dithmenos
Elyvilon
Fedhas
Gozag
Hepliaklqana
Kikubaaqudgha
Makhleb
Nemelex Xobeh
Okawaru
Qazlal
Ru
Trog
Uskayaw
Vehumet
Wu Jian
Xom
Yredelemnul
Zin
The Shining One
Beogh

Shops:
D:7 }   D:11 =   Orc:2 *:=[(

Annotations:
D:6 Sigmund


Innate Abilities, Weirdness & Mutations

You have hooves in place of feet.
You are completely covered in molten scales. (AC +4, rF+)
You may emit foul miasma when damaged in melee.
You sometimes gain power by taking damage.
Your magical and physical power is slightly enhanced at high health.
You are immune to rotting.


Message History

You completely miss the demonic crawler.
You kick the demonic crawler, but do no damage.
The demonic crawler is severely wounded.
The demonic crawler closely misses you.
The demonic crawler hits you but does no damage.
The demonic crawler misses you.
The orb spider spins a strand of pure energy.
You slice the demonic crawler like a ripe choko!!!
You kill the demonic crawler!
Trog accepts your kill. The orb of destruction hits you!
* * * LOW HITPOINT WARNING * * *
The jumping spider leaps!
The jumping spider leaps!
The orb spider weaves a glowing orb of energy.
An orb of destruction comes into view.
You see here a runed battleaxe {god gift}.
The jumping spider leaps!
The orb of destruction hits you!
You die...

...%....................
#.......................
#..........^.[......(...
..................^.....
......s.................
..........s.............
.......†§§..............
#..)§...............
##.@#...............
###......^.........
##.....[......[..
#...............
###.............
#...............
#...........#...
##..........#...
#..........#...


You could see an orb spider and a jumping spider.

Vanquished Creatures
  Saint Roka (Orc:2)
  A bone dragon (Swamp:4)
  Rupert (Orc:2)
  Asterion (Spider:3)
  Gastronok (Lair:1)
  Kirke (Swamp:1)
  3 thorn hunters
  Donald (Orc:2)
  A frost giant (IceCv)
  2 ghost moths
  An orc warlord (Orc:2)
  An emperor scorpion (Spider:2)
  3 entropy weavers
  A spark wasp (Spider:3)
  The ghost of Kokiki the Imperceptible, a journeyman SpEn of Okawaru (Swamp:2)
  Snorg (Orc:1)
  Josephine (D:10)
  Erolcha (D:10)
  15 hydras
  A centaur warrior (D:10)
  A catoblepas (Lair:6)
  3 two-headed ogres
  4 ghost crabs
  A deep troll shaman (Lair:6)
  5 alligators
  A spriggan berserker (Swamp:3)
  17 death yaks
  An orc high priest (Orc:2)
  Urug (Lair:4)
  The ghost of dxctxrx the Arsonist, a novice OpFE of Vehumet (D:9)
  3 skeletal warriors (D:12)
  A deep elf knight (Swamp:2)
  7 swamp dragons
  A death drake (Swamp:4)
  4 spriggan druids
  3 spectral hydras (Swamp:4)
  2 unseen horrors
  A phantasmal warrior (Swamp:4)
  4 shambling mangroves
  A lindwurm (Lair:6)
  6 orc knights (Orc:2)
  Pikel (D:6)
  25 wolf spiders
  5 orc sorcerers
  3 ugly things
  5 deep elf magi (Elf:1)
  11 orb spiders
  4 cyclopes
  A manticore (D:10)
  21 elephants
  A moth of wrath (Spider:2)
  An ice statue (IceCv)
  2 black mambas
  16 spiny frogs
  4 torpor snails
  An eye of devastation (Lair:5)
  5 swamp worm zombies (Swamp:4)
  3 rime drakes
  11 komodo dragons
  13 demonic crawlers
  2 hydra zombies (Swamp:4)
  18 polar bears
  2 trolls
  The ghost of George the Charmwright, an amateur BuSk (D:4)
  26 hornets
  30 jumping spiders
  5 tyrant leeches
  Prince Ribbit (D:8)
  4 blink frogs (Lair:5)
  8 bog bodies
  10 dream sheep (Lair:5)
  3 alligator zombies (Swamp:4)
  15 slime creatures
  10 hippogriffs
  4 spectral swamp dragons (Swamp:4)
  47 redbacks
  15 tarantellas
  14 spriggans
  3 wraiths
  An air elemental (Elf:1)
  49 yaks
  A shadow (Swamp:3)
  3 basilisks
  3 wyverns
  2 hogs (Swamp:1)
  14 vampire mosquitoes
  A hungry ghost (D:11)
  19 insubstantial wisps
  3 wargs (Orc:2)
  20 swamp worms
  8 water moccasins
  10 porcupines
  Purgy (Sewer)
  30 orc warriors
  2 sky beasts (D:7)
  9 ice beasts
  5 swamp dragon zombies (Swamp:4)
  15 ogres
  9 swamp drakes
  4 black bears
  9 phantoms
  An eye of draining (Lair:5)
  27 wolves
  13 crocodiles
  2 big kobolds
  3 centaurs
  11 bullfrogs
  A wyvern skeleton (D:7)
  7 scorpions
  7 killer bees
  The ghost of Malvoorn the Charmwright, a weakling DrSk (D:3)
  6 howler monkeys
  An electric eel (Lair:3)
  3 crimson imps
  3 bullfrog zombies
  7 hounds
  2 jellies
  17 orc priests
  31 orc wizards
  3 iguanas
  4 hell rats (D:9)
  A spectral swamp drake (Swamp:4)
  11 worker ants
  Robin (D:3)
  A howler monkey zombie (D:5)
  6 gnolls
  2 river rats (D:6)
  12 adders
  2 shadow imps
  2 oozes (D:2)
  2 adder skeletons
  9 worms
  A dart slug (D:2)
  4 leopard geckos (D:4)
  70 orcs
  7 bats
  7 giant cockroaches
  8 hobgoblins
  15 jackals
  A quokka (D:10)
  2 ball pythons
  6 frilled lizards
  15 goblins
  12 kobolds
  A leopard gecko skeleton (D:5)
  A quokka skeleton (D:9)
  5 rats
  3 briar patches
  A withered plant (D:7)
1034 creatures vanquished.

Vanquished Creatures (others)
  An orb spider (Spider:4)
  A black mamba (Lair:5)
  A spriggan (Swamp:4)
  2 hogs (Swamp:1)
  An insubstantial wisp (Swamp:4)
  2 wolves (IceCv)
  2 briar patches
  5 fungi
  7 plants
22 creatures vanquished.

Grand Total: 1056 creatures vanquished

Notes
Turn   | Place    | Note
-------+----------+-------------------------------------------
     0 | D:1      | Lifeless the Demonspawn Gladiator began the quest for the Orb.
     0 | D:1      | Reached XP level 1. HP: 16/16 MP: 1/1
   400 | D:1      | Reached skill level 3 in Axes
   415 | D:1      | Gained mutation: You are immune to rotting. [demonic ancestry]
   415 | D:1      | Reached XP level 2. HP: 22/22 MP: 2/2
   733 | D:2      | Reached skill level 1 in Armour
   733 | D:2      | Reached XP level 3. HP: 10/28 MP: 3/3
  1808 | D:2      | Gained mutation: You have large cloven feet. [demonic ancestry]
  1808 | D:2      | Reached XP level 4. HP: 5/34 MP: 4/4
  2394 | D:3      | Noticed Malvoorn's ghost (weakling DrSk)
  3024 | D:3      | Noticed a bullfrog
  3043 | D:3      | Killed a bullfrog
  3043 | D:3      | Reached skill level 4 in Axes
  3043 | D:3      | Gained mutation: You are partially covered in molten scales. (AC +2) [demonic ancestry]
  3043 | D:3      | Reached XP level 5. HP: 35/40 MP: 5/5
  3198 | D:3      | Killed Malvoorn's ghost
  3441 | D:3      | Noticed Robin
  3463 | D:3      | Killed Robin
  3710 | D:3      | Gained mutation: You sometimes gain a little power by taking damage. [demonic ancestry]
  3710 | D:3      | Reached XP level 6. HP: 43/47 MP: 6/6
  4262 | D:4      | Noticed George's ghost (amateur BuSk)
  4299 | D:4      | Killed George's ghost
  4299 | D:4      | Reached skill level 5 in Axes
  4299 | D:4      | Reached XP level 7. HP: 38/52 MP: 7/7
  4939 | D:4      | Found a hide-covered altar of Uskayaw.
  5381 | D:5      | Entered Level 5 of the Dungeon
  5805 | D:5      | Found a basalt altar of Yredelemnul.
  5939 | D:5      | Reached skill level 6 in Axes
  6568 | D:6      | Found a staircase to the Ecumenical Temple.
  6577 | D:6      | Gained mutation: You may emit foul miasma when damaged in melee. [demonic ancestry]
  6577 | D:6      | Reached XP level 8. HP: 58/60 MP: 6/8
  6586 | Temple   | Entered the Ecumenical Temple
  6814 | D:6      | Found a glowing drain.
  6826 | Sewer    | Entered a sewer
  6903 | Sewer    | Noticed Purgy
  6926 | Sewer    | Killed Purgy
  6946 | Sewer    | Reached skill level 5 in Dodging
  7254 | D:6      | Noticed Sigmund
  7574 | D:6      | Noticed a moth of wrath
  7577 | D:6      | Found a bloodstained altar of Trog.
  7674 | D:6      | Became a worshipper of Trog the Wrathful
  7858 | D:6      | Found a glowing silver altar of Zin.
  7859 | D:6      | Found a glowing golden altar of the Shining One.
  7861 | D:6      | Found a white marble altar of Elyvilon.
  7948 | D:6      | Noticed Pikel
  7957 | D:6      | Killed Pikel
  7957 | D:6      | Reached skill level 5 in Fighting
  7957 | D:6      | Reached skill level 7 in Axes
  8038 | D:6      | Killed an unseen horror
  8038 | D:6      | Gained mutation: You are mostly covered in molten scales. (AC +3) [demonic ancestry]
  8038 | D:6      | Reached XP level 9. HP: 11/68 MP: 2/9
  8308 | D:7      | Found Woblorriode's Gadget Shoppe.
  8403 | D:7      | Found a stormy altar of Qazlal.
  8468 | D:7      | Found an ancient bone altar of Kikubaaqudgha.
  8728 | D:7      | Found an opulent altar of Gozag.
  8728 | D:7      | Found a sparkling altar of Nemelex Xobeh.
  8739 | D:7      | Reached skill level 8 in Axes
  8923 | D:8      | Noticed Prince Ribbit
  8936 | D:8      | Reached * piety under Trog
  8949 | D:8      | Killed Prince Ribbit
  8949 | D:8      | Reached skill level 5 in Armour
  9046 | D:8      | Found an iron altar of Okawaru.
  9199 | D:8      | Found a hazy altar of Hepliaklqana.
  9214 | D:8      | Noticed a two-headed ogre
  9224 | D:8      | Killed a two-headed ogre
  9338 | D:8      | Gained mutation: You have hoof-like feet. [demonic ancestry]
  9338 | D:8      | Reached XP level 10. HP: 70/77 MP: 10/10
  9480 | D:8      | Reached skill level 9 in Axes
  9592 | D:8      | Found a sacrificial altar of Ru.
  9845 | D:9      | Noticed a death yak
  9845 | D:9      | Noticed a death yak
  9867 | D:8      | Killed a death yak
 10006 | D:9      | Noticed a death yak
 10011 | D:9      | Killed a death yak
 10213 | D:9      | Killed a death yak
 10383 | D:9      | Found a staircase to the Orcish Mines.
 10386 | D:9      | Found a staircase to the Lair.
 10413 | D:9      | Got a shimmering chain mail
 10424 | D:9      | Identified the +1 chain mail "Axaulajeom" {Int+2} (You found it on level 9 of the Dungeon)
 10493 | D:9      | Reached skill level 10 in Axes
 10620 | D:9      | Reached ** piety under Trog
 10973 | D:9      | Noticed dxctxrx's ghost (novice OpFE)
 10983 | D:9      | Killed dxctxrx's ghost
 10983 | D:9      | Gained mutation: You are completely covered in molten scales. (AC +4, rF+) [demonic ancestry]
 10983 | D:9      | Reached XP level 11. HP: 86/86 MP: 9/11
 11480 | D:10     | Entered Level 10 of the Dungeon
 11480 | D:10     | Noticed a two-headed ogre
 11486 | D:10     | Noticed Erolcha
 11492 | D:10     | Killed a two-headed ogre
 11498 | D:10     | Killed Erolcha
 11984 | D:10     | Noticed a centaur warrior
 12061 | D:9      | Reached *** piety under Trog
 12301 | D:10     | Reached skill level 11 in Axes
 12393 | D:10     | Noticed Josephine
 12414 | D:10     | Killed Josephine
 12749 | D:10     | Killed a centaur warrior
 12814 | D:10     | Got a translucent helmet
 12825 | D:10     | Identified the +2 helmet of Dice, Bag, and Bottle {Str+6} (You found it on level 10 of the Dungeon)
 13403 | D:11     | Noticed a brown ugly thing
 13437 | D:11     | Killed a brown ugly thing
 13442 | D:11     | Reached XP level 12. HP: 95/95 MP: 12/12
 13505 | D:11     | Noticed a two-headed ogre
 13514 | D:11     | Killed a two-headed ogre
 13534 | D:11     | Reached **** piety under Trog
 13619 | D:11     | Noticed an eight-headed hydra
 13628 | D:11     | Killed an eight-headed hydra
 13628 | D:11     | Reached skill level 12 in Axes
 13709 | D:11     | Got a smoking trident
 13710 | D:11     | Identified the +11 trident of Beelep {pierce, Int+4} (You found it on level 11 of the Dungeon)
 13811 | D:11     | Found Xiokhlah's Jewellery Shop.
 13820 | D:11     | Bought the ring "Pitteughe" {rF+ SInv} for 543 gold pieces
 14214 | Lair:1   | Entered Level 1 of the Lair of Beasts
 14328 | Lair:1   | Noticed Gastronok
 14352 | Lair:1   | Killed Gastronok
 14352 | Lair:1   | Reached skill level 10 in Fighting
 15698 | Lair:2   | Reached skill level 13 in Axes
 16049 | Lair:3   | Found a staircase to the Swamp.
 16055 | Lair:3   | Reached ***** piety under Trog
 16389 | Lair:3   | Found a hole to the Spider Nest.
 16759 | Lair:4   | Noticed a seven-headed hydra
 16763 | Lair:4   | Noticed Urug
 16771 | Lair:3   | Killed a seven-headed hydra
 16771 | Lair:3   | Reached XP level 13. HP: 78/104 MP: 10/13
 16995 | Lair:4   | Killed Urug
 17142 | Lair:4   | Found a runed door.
 18424 | Lair:5   | Reached skill level 14 in Axes
 18435 | Lair:5   | Found a labyrinth entrance.
 18590 | Lair:5   | Reached skill level 10 in Armour
 19371 | Lair:5   | Found a staircase to the Slime Pits.
 19851 | Lair:6   | Entered Level 6 of the Lair of Beasts
 20135 | Lair:6   | Reached XP level 14. HP: 112/114 MP: 14/14
 20324 | Lair:6   | Reached skill level 15 in Axes
 21250 | Lair:6   | Received a gift from Trog
 22246 | Swamp:1  | Entered Level 1 of the Swamp
 22399 | Swamp:1  | Noticed Kirke
 22796 | Swamp:1  | Killed Kirke
 23281 | Swamp:1  | Noticed a thorn hunter
 23298 | Swamp:1  | Killed a thorn hunter
 24015 | Swamp:2  | Noticed Kokiki's ghost (journeyman SpEn)
 24033 | Swamp:2  | Killed Kokiki's ghost
 24037 | Swamp:2  | Reached skill level 16 in Axes
 24044 | Swamp:2  | Gained mutation: You have hooves in place of feet. [demonic ancestry]
 24044 | Swamp:2  | Reached XP level 15. HP: 104/122 MP: 13/15
 24738 | Swamp:2  | Reached ****** piety under Trog
 25940 | Swamp:3  | Received a gift from Trog
 26997 | Swamp:4  | Entered Level 4 of the Swamp
 27067 | Swamp:4  | Identified a scroll of acquirement
 27068 | Swamp:4  | Got a coiled zirconium amulet
 27070 | Swamp:4  | Identified the amulet of Cofiem {+Inv rF+ Regen+ SInv} (You acquired it on level 4 of the Swamp)
 27403 | Swamp:3  | Noticed a thorn hunter
 27422 | Swamp:3  | Killed a thorn hunter
 27422 | Swamp:3  | Reached skill level 10 in Dodging
 28040 | Swamp:4  | Noticed a thorn hunter
 28063 | Swamp:4  | Killed a thorn hunter
 28501 | Swamp:4  | Received a gift from Trog
 29532 | Swamp:4  | Reached skill level 17 in Axes
 29813 | Swamp:4  | Gained mutation: You sometimes gain power by taking damage. [demonic ancestry]
 29813 | Swamp:4  | Reached XP level 16. HP: 122/131 MP: 3/16
 30262 | Swamp:4  | Received a gift from Trog
 30420 | Swamp:4  | Noticed a bone dragon
 30448 | Swamp:4  | Killed a bone dragon
 30580 | Swamp:4  | Got a decaying rune of Zot
 31481 | Orc:1    | Entered Level 1 of the Orcish Mines
 31720 | Orc:2    | Entered Level 2 of the Orcish Mines
 32142 | Orc:2    | Found Quaqocs's Jewellery Shop.
 32220 | Orc:2    | Noticed Saint Roka
 32249 | Orc:2    | Killed Saint Roka
 32471 | Orc:2    | Found a staircase to the Elven Halls.
 32571 | Orc:2    | Received a gift from Trog
 32870 | Orc:2    | Noticed Rupert
 32892 | Orc:2    | Killed Rupert
 32990 | Orc:2    | Found a roughly hewn altar of Beogh.
 33010 | Orc:2    | Paralysed by an orc sorcerer for 5 turns
 33186 | Orc:2    | Found Coplun's Antique Weapon Shop.
 33202 | Orc:2    | Found Damobuz's Antique Armour Shop.
 33217 | Orc:2    | Found Oluank's General Store.
 33233 | Orc:2    | Found Gede's Book Shop.
 33506 | Orc:2    | Noticed Donald
 33518 | Orc:2    | Killed Donald
 33926 | Orc:1    | Noticed Snorg
 33939 | Orc:1    | Killed Snorg
 34169 | D:12     | Found a frozen archway.
 34178 | IceCv    | Entered an ice cave
 34248 | IceCv    | Received a gift from Trog
 34467 | IceCv    | Got an ebony hand axe {god gift}
 34468 | IceCv    | Identified the +9 hand axe of Trog's Hope {antimagic, Str+2} (Trog gifted it to you in an ice cave)
 35058 | IceCv    | Reached skill level 18 in Axes
 36136 | Orc:2    | Bought a slimy crystal plate armour for 2295 gold pieces
 36146 | Orc:2    | Identified the +14 crystal plate armour "Sicog" {Dex+3} (You bought it in a shop on level 2 of the Orcish Mines)
 36184 | Elf:1    | Entered Level 1 of the Elven Halls
 36193 | Elf:1    | Gained mutation: Your magical and physical power is slightly enhanced at high health. [demonic ancestry]
 36193 | Elf:1    | Reached XP level 17. HP: 140/140 MP: 17/17
 36399 | Spider:1 | Entered Level 1 of the Spider Nest
 37454 | Spider:2 | Received a gift from Trog
 38624 | Spider:2 | Upgraded the game from 0.20-a0-971-g5896763 to 0.20-a0-972-gb9bd3e6
 39492 | Spider:3 | Reached skill level 15 in Fighting
 40214 | Spider:4 | Entered Level 4 of the Spider Nest
 40297 | Spider:4 | Received a gift from Trog
 40307 | Spider:4 | Reached skill level 19 in Axes
 40526 | Spider:4 | Noticed Asterion
 40550 | Spider:3 | Killed Asterion
 40796 | Spider:4 | Received a gift from Trog
 40812 | Spider:4 | Blown up by an orb spider

Vault maps used:
D:1:      ncdulo_smallfort
D:2:      nicolae_overflow_hidden_temple
D:3:      kennysheep_path_1, hex_medium, uniq_robin
D:4:      kennysheep_mini, first_bread, minmay_misc_feat_rows
D:5:      kennysheep_decorative_pillar, yredelemnul_altar_generic
D:6:      good_gods_temple_1, tgw_trog, temple_statues, portal_sewer_entry_b,
          centaur_isle, uniq_sigmund, uniq_pikel
D:7:      grunt_temple_overflow_opulence, kiku_gazebo_garden_becter,
          grunt_ogre_cave, minmay_shop_grid_forest, minivault_1,
          nicolae_qazlal_eye_of_the_storm
D:8:      lemuel_crystal_altar, overflow_temple_1_default, kennysheep_mini_moat,
          uniq_prince_ribbit1
D:9:      dpeg_lair_monsters, orc_0_dummy
D:10:     minmay_blocky_corners, corexii_corridor_pit, uniq_josephine,
          uniq_erolcha
D:11:     serial_shops, shop, grunt_ministairs_8, kennysheep_generic_room_13
D:12:     portal_ice_cave_entry_ice_beasts, nicolae_twisting_strands,
          grunt_ministairs_10
Temple:   jpeg_temple_island
Lair:1:   uniq_gastronok
Lair:2:   minmay_hedge_maze
Lair:3:   nicolae_swamp_entry_splash_gauntlet, nicolae_spider_entry_non_spiders
Lair:4:   pf_torpor_hydra, serial_bayou_shore_b, infiniplex_staircase_pool,
          grunt_megastairs_1, uniq_urug
Lair:5:   minmay_slime_entry_eyes, lab_entry_generic,
          grunt_forest_large_clearing_hut, grunt_megastairs_4
Lair:6:   grunt_lair_end_beastmaster, infiniplex_staircase_pool_2
Swamp:1:  evilmike_swamp_ruin_rubble_1, uniq_kirke
Swamp:2:  cheibrodos_swamp_heart_of_darkness, evilmike_swamp_ruin_wall,
          swamp_pool1, nicolae_swamp_round_clearing
Swamp:3:  evilmike_swamp_ruin_rubble_2
Swamp:4:  swamp_pestilence
Spider:3: spider_trap, nicolae_spider_cling_halls
Spider:4: spider_rune_water, uniq_asterion
Orc:1:    uniq_snorg
Orc:2:    grunt_orc_cross, serial_shops, nicolae_shop_statue_plus, uniq_rupert,
          uniq_saint_roka, uniq_donald
Elf:1:    minmay_elf_arrival_summoners, minmay_elf_necromancy
Sewer:    kennysheep_door_sewer
IceCv:    ice_cave_caverns_02

Skill      XL: |  1  2  3  4  5  6  7  8  9 10 11 12 13 14 15 16 17 |
---------------+----------------------------------------------------+-----
Axes           | 3 4 5 6 7 8 10 11 13 14 16 17 18 19 | 19.1
Armour         | 1 2 3 4 5 6 7 9 10 11 12 13 14 | 14.0
Dodging        | 3 4 5 6 7 8 9 10 11 | 11.2
Fighting       | 3 4 5 6 7 9 10 11 12 13 14 15 | 15.2
Throwing       | |  1.7

Action                   |  1- 3 |  4- 6 |  7- 9 | 10-12 | 13-15 | 16-18 || total
-------------------------+-------+-------+-------+-------+-------+-------++-------
Melee: War axe           |    31 |       |   144 |   424 |       |       ||   599
       Hand axe          |    78 |    52 |     4 |       |       |     3 ||   137
       Dagger            |    16 |   174 |   224 |       |       |       ||   414
       Kick              |       |    63 |   119 |   222 |   585 |   521 ||  1510
       Trident           |       |       |       |   229 |  1420 |  1119 ||  2768
       Flail             |       |       |       |     7 |       |       ||     7
       Unarmed           |       |       |       |       |     8 |       ||     8
       Executioner's axe |       |       |       |       |    19 |   247 ||   266
Invok: Burn Spellbooks   |       |       |     1 |     1 |     3 |     4 ||     9
       Berserk           |       |       |     1 |    14 |    17 |    11 ||    43
       Trog's Hand       |       |       |       |       |       |     2 ||     2
Evoke: Wand              |       |     5 |       |       |       |       ||     5
       Lamp of fire      |       |       |       |       |     1 |       ||     1
  Use: Scroll            |       |       |    14 |     3 |    17 |     5 ||    39
       Potion            |       |       |     3 |       |     4 |     3 ||    10
 Stab: Distracted        |       |       |       |       |       |     2 ||     2
  Eat: Chunk             |     3 |     6 |    16 |    32 |    24 |    22 ||   103
       Royal jelly       |       |     1 |       |     1 |     2 |     2 ||     6
       Fruit             |       |       |     2 |     1 |    15 |     4 ||    22
       Meat ration       |       |       |       |     1 |     4 |     4 ||     9
Armor: Leather armour    |    16 |       |   158 |    87 |       |       ||   261
       Scale mail        |    22 |    94 |       |       |       |       ||   116
       Plate armour      |       |       |       |   151 |   865 |   376 ||  1392
       Crystal plate arm |       |       |       |       |       |   688 ||   688
Dodge: Dodged            |    68 |   105 |   225 |   405 |   741 |   720 ||  2264
